 Dungeon Crawl Stone Soup version 0.27-a0-277-g024f7ef292 (webtiles) character file.

Game seed: 6456795559533428063

901 Borgoz the Skirmisher (level 8, -3/51 HPs)
             Began as a Gargoyle Berserker on Feb 7, 2021.
             Was a Priest of Trog.
             Slain by an ogre
             ... wielding a +0 giant club
              (7 damage)
             ... on level 5 of the Dungeon.
             The game lasted 00:06:38 (4516 turns).

Borgoz the Skirmisher (Gargoyle Berserker)          Turns: 4516, Time: 00:06:39

Health: -3/51      AC: 11    Str: 22    XL:     8   Next: 7%
Magic:  8/8        EV: 17    Int:  7    God:    Trog [***...]
Gold:   291        SH:  0    Dex: 11    Spells: 7/7 levels left

rFire    . . .     SeeInvis .   m - +0 flail
rCold    . . .     Faith    .   (no shield)
rNeg     + . .     Spirit   .   b - +0 animal skin
rPois    ∞         Reflect  .   (no helmet)
rElec    +         Harm     .   A - +1 cloak
rCorr    +         Rampage  .   (no gloves)
Will     .....                  c - +0 pair of boots
Stlth    +.........             (no amulet)
HPRegen  0.17/turn              l - ring of resist corrosion
MPRegen  0.11/turn              a - +4 ring of evasion

@: brilliant, berserk cooldown, slowed, very slow
A: negative energy resistance 1, electricity resistance, unbreathing,
petrification resistance, miasma immunity, AC +5
a: Renounce Religion, Berserk, Trog's Hand


You were on level 5 of the Dungeon.
You worshipped Trog.
Trog was most pleased with you.
You visited 2 branches of the dungeon, and saw 6 of its levels.

You collected 291 gold pieces.

Inventory:

Hand Weapons
 m - a +0 flail (weapon)
Armour
 b - a +0 animal skin (worn)
 c - a +0 pair of boots (worn)
 A - a +1 cloak (worn)
Jewellery
 a - a +4 ring of evasion (right hand)
 l - a ring of resist corrosion (left hand)
Wands
 v - a wand of flame (18)
 B - a wand of acid (7)
Scrolls
 d - 5 scrolls of teleportation
 f - 3 scrolls of fog {unknown}
 g - 3 scrolls of identify {unknown}
 j - 3 scrolls of remove curse {unknown}
 o - 2 scrolls of magic mapping {unknown}
 r - 2 scrolls of enchant armour {unknown}
 u - a scroll of blinking {unknown}
 y - a scroll of amnesia {unknown}
 C - a scroll of immolation {unknown}
Potions
 e - 6 potions of curing {unknown}
 h - a potion of ambrosia {unknown}
 i - 3 potions of brilliance
 k - 2 potions of degeneration {unknown}
 n - 2 potions of heal wounds {unknown}
 p - a potion of resistance {unknown}
 q - a potion of magic {unknown}
 s - a potion of mutation {unknown}
 t - 3 potions of might {unknown}
 w - a potion of flight {unknown}
 x - a potion of berserk rage {unknown}
 z - a potion of haste {unknown}


   Skills:
 + Level 5.9 Fighting
 + Level 5.3 Maces & Flails
 + Level 5.2 Armour
 + Level 4.0 Dodging


You had 7 spell levels left.
You didn't know any spells.
Your spell library was empty.

Dungeon Overview and Level Annotations

Branches:
Dungeon (5/15)             Temple (1/1) D:4

Altars:
Ashenzari
Cheibriados
Dithmenos
Elyvilon
Fedhas
Gozag
Hepliaklqana
Kikubaaqudgha
Nemelex Xobeh
Okawaru
Qazlal
Ru
Sif Muna
Trog
Uskayaw
Vehumet
Wu Jian
Xom
Yredelemnul
The Shining One


Innate Abilities, Weirdness & Mutations

You are resistant to torment.
Your stone body is resilient. (AC +5)
You are immune to poison.
You resist negative energy. (rN+)
You are resistant to electric shocks. (rElec)
You can survive without breathing.
You are immune to petrification.
You are immune to miasma.


Message History

You are no longer berserk.
You are exhausted.
You feel yourself slow down. The ogre hits you with a +0 giant club.
You sock the ogre!
The ogre is severely wounded.
The ogre hits you with a +0 giant club.
You completely miss the ogre.
The ogre is severely wounded.
The ogre hits you with a +0 giant club!
* * * LOW HITPOINT WARNING * * *
Non-targeted abil: Berserk
Press: ? - help, Q - select action, (/) - cycle Dir - look around, f - activate You're still recovering from your berserk rage.
Unknown command.
It was a potion of brilliance.
You feel clever all of a sudden. The ogre hits you with a +0 giant club.
* * * LOW HITPOINT WARNING * * *
The ogre hits you with a +0 giant club!
You die...

##.### #..# ....# ##.#
#.#.# #.. #####.#.# ##.
......... #. ........#
##### ........######
..#...
......†O#....######.#.##
.......@'...........#.##
......))#....#####..#.##
........#....# #..#.##
........#....# #..#.#
#########....# #.†#.#
#....# #..#.##
##########......
#...)......##.##
############.###....#.##.#


You could see an ogre.

Vanquished Creatures
  Sigmund (D:4)
  An ogre (D:3)
  A phantom (D:4)
  Blork the orc (D:4)
  A howler monkey (D:5)
  Crazy Yiuf (D:4)
  2 orc priests (D:3)
  A bullfrog skeleton (D:5)
  A hound (D:5)
  Ijyb (D:4)
  2 iguanas
  3 orc wizards
  8 adders
  An ufetubus (D:5)
  3 oozes
  An adder skeleton (D:4)
  2 dart slugs
  2 leopard geckos (D:1)
  10 orcs
  A ball python (D:1)
  15 bats
  2 giant cockroaches
  10 goblins
  7 hobgoblins
  3 jackals
  3 quokkas
  4 frilled lizards
  7 kobolds
  11 rats
106 creatures vanquished.

Notes
Turn   | Place    | Note
-------+----------+-------------------------------------------
     0 | D:1      | Borgoz the Gargoyle Berserker began the quest for the Orb.
     0 | D:1      | Reached XP level 1. HP: 14/14 MP: 1/1
    93 | D:1      | Reached XP level 2. HP: 19/19 MP: 2/2
   302 | D:1      | Reached XP level 3. HP: 23/23 MP: 3/3
   666 | D:2      | Found an ancient bone altar of Kikubaaqudgha.
   699 | D:2      | Reached ** piety under Trog
   750 | D:2      | Found a bloodstained altar of Trog.
   855 | D:2      | Reached XP level 4. HP: 26/29 MP: 4/4
  1718 | D:2      | Reached XP level 5. HP: 26/33 MP: 5/5
  2450 | D:3      | Reached XP level 6. HP: 39/39 MP: 6/6
  2634 | D:3      | Reached *** piety under Trog
  3086 | D:3      | Found a white marble altar of Elyvilon.
  3321 | D:4      | Found an opulent altar of Gozag.
  3329 | D:4      | Noticed Blork the orc
  3339 | D:4      | Killed Blork the orc
  3340 | D:4      | Reached skill level 5 in Fighting
  3340 | D:4      | Reached XP level 7. HP: 44/44 MP: 7/7
  3460 | D:4      | Noticed Ijyb
  3460 | D:4      | Noticed Sigmund
  3467 | D:4      | Killed Sigmund
  3469 | D:4      | Killed Ijyb
  3586 | D:4      | Reached skill level 5 in Maces & Flails
  3676 | D:4      | Found a runed translucent door.
  3677 | D:4      | Noticed Crazy Yiuf
  3728 | D:4      | Found a staircase to the Ecumenical Temple.
  3903 | Temple   | Entered the Ecumenical Temple
  4229 | D:4      | Killed Crazy Yiuf
  4230 | D:4      | Reached skill level 5 in Armour
  4262 | D:5      | Entered Level 5 of the Dungeon
  4501 | D:5      | Reached XP level 8. HP: 41/51 MP: 8/8
  4516 | D:5      | Slain by an ogre

Illustrated notes

Levels and vault maps discovered:
D:1:      dpeg_arrival_court, layout_basic
D:2:      layout_basic, bloody_trog, lemuel_round_altar, corner_web_ring,
          small_statue_intersection
D:3:      minmay_razor_zed, layout_basic, minmay_misc_feat_iff, elyvilon_altar_3
D:4:      layout_rooms, nicolae_overflow_crystal_walls,
          minmay_temple_entry_offerings, uniq_ijyb, uniq_blork_the_orc,
          uniq_sigmund, uniq_crazy_yiuf_cottage
D:5:      layout_basic
Temple:   regret_index_temple_sphere_string

Skill      XL: |  1  2  3  4  5  6  7  8 |
---------------+-------------------------+-----
Dodging        | 2 3 4 |  4.0
Armour         | 3 4 5 |  5.2
Fighting       | 4 5 |  5.9
Maces & Flails | 4 5 |  5.3

Action                   |  1- 3 |  4- 6 |  7- 9 || total
-------------------------+-------+-------+-------++-------
Melee: Mace              |    86 |    50 |       ||   136
       Flail             |       |   150 |    66 ||   216
Invok: Berserk           |       |     5 |     4 ||     9
  Use: Scroll            |       |     1 |       ||     1
       Potion            |       |       |     1 ||     1
 Stab: Sleeping          |       |     2 |       ||     2
Armor: Animal skin       |    34 |    79 |    17 ||   130
Dodge: Dodged            |    62 |   202 |    50 ||   314

Table legend: (Time is in decaauts)
 A = Elapsed time spent in this place.
 B = Non-inter-level travel time spent in this place.
 C = Inter-level travel time spent in this place.
 D = Time resting spent in this place.
 E = Time spent auto-exploring this place.
 F = Levels seen in this place.
 G = Mean time per level.
                   A        B        C        D        E       F      G
               +--------+--------+--------+--------+--------+-----+--------+
         Total |   4657 |   4430 |    227 |    642 |   3005 |   6 |  776.2 |
       Dungeon |   4433 |   4236 |    197 |    642 |   2812 |   5 |  886.6 |
        Temple |    223 |    193 |     30 |      0 |    193 |   1 |  223.0 |
               +--------+--------+--------+--------+--------+-----+--------+

Top non-repeatable levels by time:
     D:2: 1575 daAuts
     D:3: 1115 daAuts
     D:4: 851 daAuts
     D:1: 637 daAuts
     D:5: 253 daAuts
  Temple: 223 daAuts
